Map: King Sejong Station LE

Players

LiquidTLO (TLO) - Winner!

  • Race: Zerg Zerg
  • League: Grandmaster

Reynor

  • Race: Zerg Zerg
  • League: Master

VOD

Have the link to the VOD?

Description

Time

  • Played on: July 3, 2016, 2:43 p.m.
  • Length: 14:48
Show
View Real Time Build Order
Export as new Build Order

LiquidTLO Zerg - Winner!

Build Orders: Hatch First 

Get SALT Encoding   

  12  0:01  Drone  
  13  0:12  Overlord  
  13  0:17  Drone  
  14  0:31  Drone x2  
  14  0:34  Drone  
  17  0:52  Hatchery  
  17  0:55  Drone  
  17  0:57  Drone  
  17  1:02  Extractor  
  17  1:14  Spawning Pool  
  17  1:17  Drone  
  17  1:21  Drone  
  18  1:32  Drone  
  19  1:40  Overlord  
  19  2:01  Zergling x2, Queen  
  21  2:02  Metabolic Boost  
  21  2:06  Queen  
  21  2:07  Drone  
  25  2:10  Drone  
  25  2:15  Drone  
  27  2:16  Drone  
  27  2:21  Drone  
  29  2:25  Drone  
  30  2:34  Drone  
  30  2:36  Drone  
  32  2:39  Evolution Chamber  
  32  2:42  Queen  
  33  2:47  Zergling x2  
  33  2:49  Overlord  
  34  2:56  Baneling Nest  
  34  2:57  Drone  
  34  3:00  Drone  
  35  3:11  Drone  
  35  3:16  Overlord  
  35  3:17  Drone  
  36  3:21  Zerg Melee Weapons Level 1  
  36  3:22  Drone  
  36  3:23  Drone x2  
  36  3:24  Drone  
  39  3:28  Drone  
  39  3:29  Drone  
  41  3:34  Overlord  
  41  3:36  Zergling x2  
  41  3:39  Zergling x2  
  43  3:51  Hatchery  
  42  3:59  Zergling x8  
  42  4:02  Baneling x2  
  45  4:03  Zergling x2  
  45  4:06  Drone  
  47  4:10  Extractor, Drone  
  47  4:11  Roach Warren  
  47  4:12  Drone  
  47  4:16  Zergling x2  
  48  4:18  Zergling x4  
  48  4:24  Zergling x4  
  50  4:25  Baneling  
  50  4:26  Zergling x2  
  50  4:28  Zergling x2, Drone  
  54  4:31  Drone  
  54  4:33  Extractor  
  54  4:39  Zergling x2  
  54  4:41  Zergling x2  
  54  4:42  Zergling x2  
  54  4:44  Zergling x2  
  56  4:46  Drone  
  56  4:47  Queen  
  59  4:59  Overlord  
  59  5:01  Overlord  
  59  5:04  Roach  
  59  5:06  Overlord  
  63  5:07  Roach  
  63  5:08  Roach  
  64  5:16  Roach  
  64  5:17  Roach  
  64  5:18  Roach  
  64  5:20  Roach  
  66  5:25  Roach x2  
  60  5:29  Zergling x2  
  60  5:30  Zergling x2  
  60  5:31  Zergling x2  
  60  5:35  Ravager x2  
  63  5:36  Zergling x2  
  63  5:37  Zergling x2  
  63  5:39  Zergling x2  
  63  5:41  Zergling x2  
  65  5:44  Zergling x2  
  65  5:46  Zergling x2  
  65  5:47  Ravager  
  65  5:49  Zergling x2  
  66  5:57  Ravager  
  66  5:58  Zergling x2, Ravager x2  
  66  5:59  Zergling x2  
  66  6:00  Zergling x4  
  66  6:01  Zergling x4  
  66  6:03  Zergling x2  
  66  6:04  Zergling x2  
  65  6:05  Ravager  
  65  6:06  Zergling x2  
  65  6:09  Zergling x2  
  68  6:13  Drone x2  
  68  6:18  Lair  
  70  6:26  Baneling x2, Drone  
  70  6:27  Drone  
  70  6:28  Drone  
  70  6:29  Drone  
  70  6:30  Drone  
  70  6:31  Baneling x2  
  75  6:35  Drone  
  75  6:37  Baneling x2  
  75  6:39  Extractor  
  74  6:42  Drone  
  74  6:46  Zergling x2  
  74  6:50  Roach  
  74  6:51  Ravager  
  74  6:52  Roach  
  74  6:53  Roach  
  80  6:54  Roach x2  
  80  6:55  Roach  
  80  6:58  Roach  
  87  7:02  Roach  
  87  7:07  Overlord x2  
  89  7:09  Baneling x2  
  89  7:12  Baneling  
  89  7:18  Spire  
  89  7:19  Drone  
  89  7:20  Overlord  
  89  7:26  Drone  
  89  7:28  Drone x3  
  93  7:30  Drone  
  93  7:35  Drone  
  95  7:37  Drone  
  95  7:39  Roach x3  
  95  7:42  Roach  
  104  7:52  Extractor x2  
  104  7:53  Drone  
  104  7:56  Zerg Ground Armor Level 1  
  101  7:59  Roach  
  101  8:00  Zergling x4  
  101  8:01  Zergling x4  
  106  8:05  Zergling x2  
  106  8:06  Zergling x2  
  106  8:08  Zergling x2  
  106  8:11  Zergling x2  
  106  8:12  Zergling x2  
  104  8:13  Zergling x2  
  104  8:14  Zergling x4  
  104  8:15  Zergling x2  
  104  8:17  Zergling x2  
  106  8:22  Queen  
  106  8:24  Overlord  
  107  8:29  Ravager  
  107  8:30  Ravager  
  107  8:32  Mutalisk x2  
  113  8:35  Overlord  
  113  8:37  Overlord  
  113  8:39  Overlord  
  112  8:44  Mutalisk x3  
  112  8:47  Mutalisk  
  118  8:50  Mutalisk  
  120  8:56  Mutalisk  
  120  8:59  Drone  
  120  9:00  Zergling x2  
  120  9:01  Zergling x2  
  120  9:02  Zergling x2  
  126  9:03  Mutalisk  
  126  9:07  Mutalisk  
  127  9:12  Zergling x4  
  127  9:14  Zergling x2  
  127  9:16  Zergling x2  
  129  9:19  Zergling x2  
  129  9:21  Zergling x2  
  129  9:22  Baneling x2  
  126  9:27  Mutalisk  
  126  9:31  Mutalisk  
  123  9:33  Zergling x2  
  123  9:34  Zergling x2  
  123  9:36  Mutalisk  
  128  9:41  Mutalisk  
  128  9:42  Zergling x2  
  128  9:44  Zergling x2  
  124  9:54  Zerg Flyer Weapons Level 1  
  124  9:55  Mutalisk  
  124  9:58  Mutalisk  
  124  10:03  Mutalisk  
  124  10:05  Zergling x2  
  122  10:11  Drone, Mutalisk  
  123  10:16  Zergling x2, Baneling x2  
  123  10:17  Zergling x4  
  123  10:18  Zergling x2  
  123  10:19  Overlord  
  127  10:24  Mutalisk  
  127  10:25  Zergling x2  
  127  10:26  Zergling x2  
  127  10:27  Zergling x2  
  127  10:28  Zergling x2  
  132  10:31  Zergling x2  
  132  10:32  Zergling x4  
  132  10:33  Zergling x2  
  136  10:38  Zergling x2  
  136  10:40  Zergling x2  
  136  10:41  Zergling x2  
  136  10:42  Zergling x2  
  132  10:43  Zergling x2  
  132  10:46  Zergling x4  
  132  10:49  Zergling x2  
  129  10:50  Zergling x2  
  129  10:53  Zerg Melee Weapons Level 2  
  126  11:04  Infestation Pit  
  126  11:08  Drone  
  126  11:09  Drone  
  126  11:11  Zergling x4  
  128  11:12  Zergling x2, Hatchery  
  128  11:14  Zergling x2, Mutalisk  
  132  11:20  Mutalisk  
  132  11:21  Mutalisk  
  132  11:24  Mutalisk  
  134  11:28  Mutalisk  
  134  11:30  Mutalisk  
  134  11:31  Zergling x2  
  134  11:32  Zergling x2  
  136  11:41  Roach  
  136  11:42  Roach  
  140  11:47  Drone  
  140  11:49  Drone  
  140  11:52  Hive  
  142  11:55  Zergling x2  
  142  11:56  Zergling x2  
  144  12:01  Zergling x2  
  144  12:06  Drone  
  146  12:11  Zergling x2  
  146  12:13  Drone  
  148  12:16  Roach  
  148  12:17  Roach  
  152  12:24  Roach  
  152  12:25  Drone  
  152  12:26  Drone  
  156  12:35  Drone x2  
  156  12:36  Overlord, Drone  
  159  12:37  Overseer  
  159  12:40  Spore Crawler  
  154  12:52  Drone  
  154  12:55  Spine Crawler  
  154  12:57  Spine Crawler  
  153  12:58  Drone  
  153  12:59  Spine Crawler  
  153  13:00  Extractor, Zergling x2  
  153  13:02  Extractor  
  152  13:07  Ultralisk Cavern, Adrenal Glands  
  151  13:13  Zergling x2  
  151  13:17  Zergling x2  
  151  13:18  Ravager x2  
  151  13:19  Overlord  
  155  13:26  Drone x2  
  155  13:27  Drone  
  155  13:30  Overlord  
  156  13:40  Overlord  
  156  13:50  Overlord  
  151  13:57  Ultralisk x4  
  175  14:14  Zergling x2  
Show
View Real Time Build Order
Export as new Build Order

Reynor Zerg 

Build Orders: Hatch First 

Get SALT Encoding   

  12  0:01  Drone  
  13  0:14  Overlord  
  13  0:17  Drone  
  14  0:24  Extractor  
  14  0:26  Extractor, Drone  
  15  0:33  Drone  
  16  0:37  Drone  
  17  0:56  Hatchery  
  16  0:57  Drone  
  16  1:02  Drone  
  18  1:06  Extractor  
  18  1:09  Drone  
  18  1:21  Spawning Pool  
  18  1:24  Drone  
  18  1:30  Drone  
  19  1:43  Overlord  
  19  1:52  Drone  
  20  2:08  Queen x2  
  20  2:09  Metabolic Boost  
  20  2:11  Zergling x2  
  20  2:13  Drone  
  26  2:18  Drone  
  26  2:19  Zergling x2  
  28  2:25  Drone  
  29  2:31  Zergling x2  
  29  2:35  Drone  
  31  2:42  Drone  
  32  2:45  Drone  
  33  2:51  Drone  
  33  2:52  Queen  
  33  2:57  Overlord  
  36  2:58  Evolution Chamber  
  35  3:09  Drone  
  35  3:10  Drone  
  36  3:16  Drone  
  36  3:17  Zergling x6, Drone x3  
  43  3:21  Overlord  
  43  3:25  Zerg Melee Weapons Level 1  
  43  3:29  Zergling x2  
  44  3:34  Overlord  
  44  3:40  Overlord, Spine Crawler  
  42  3:58  Hatchery  
  42  4:02  Drone x3  
  44  4:09  Zergling x6  
  47  4:10  Drone  
  47  4:12  Zergling x2  
  47  4:16  Zergling x2  
  50  4:20  Overlord  
  49  4:24  Zergling x2  
  50  4:33  Zergling x4  
  52  4:45  Zergling x6  
  50  4:46  Zergling x6  
  50  4:47  Drone  
  50  4:51  Roach Warren  
  53  4:59  Zergling x4  
  54  5:07  Zergling x2  
  54  5:11  Zergling x2  
  55  5:17  Zergling x6  
  55  5:18  Zergling x4  
  57  5:22  Zergling x2  
  57  5:23  Zergling x4  
  57  5:30  Zergling x2  
  57  5:31  Drone  
  57  5:33  Zerg Ground Armor Level 1  
  58  5:38  Zergling x2  
  58  5:39  Zergling x4  
  58  5:40  Overlord  
  61  5:45  Roach  
  61  5:47  Roach  
  61  5:49  Overlord  
  64  5:55  Roach x2  
  62  5:57  Zergling x8  
  62  6:03  Roach  
  61  6:06  Roach x2  
  65  6:11  Extractor  
  65  6:12  Queen  
  65  6:14  Roach x2  
  65  6:15  Roach, Spine Crawler  
  65  6:16  Zergling x6  
  65  6:17  Overlord, Zergling x4  
  76  6:23  Zergling x2  
  77  6:26  Roach  
  79  6:33  Roach  
  79  6:34  Zergling x2  
  79  6:38  Drone  
  83  6:42  Drone  
  83  6:44  Overlord  
  83  6:46  Drone x4  
  87  6:50  Drone x2  
  87  6:53  Drone  
  88  7:02  Zergling x8  
  88  7:07  Roach  
  94  7:13  Zergling x4  
  94  7:15  Overlord  
  96  7:20  Drone  
  96  7:21  Drone  
  96  7:22  Overlord  
  98  7:32  Overlord  
  98  7:37  Drone  
  98  7:38  Drone  
  98  7:40  Roach x3  
  98  7:41  Zergling x6  
  98  7:42  Zergling x2  
  110  7:50  Drone x4  
  113  7:53  Zergling x6  
  113  7:55  Drone x2  
  118  8:01  Drone  
  118  8:05  Drone x2  
  117  8:13  Drone x4  
  117  8:17  Drone  
  121  8:20  Lair  
  121  8:22  Overlord  
  121  8:27  Extractor x2  
  121  8:30  Overlord  
  121  8:31  Drone x2  
  121  8:33  Overlord  
  121  8:39  Overlord, Extractor  
  120  8:44  Roach x2  
  119  8:49  Zergling x2  
  119  8:52  Zergling x2  
  119  8:53  Zergling x6  
  121  8:58  Roach x2  
  121  8:59  Roach x2  
  129  9:07  Zergling x2  
  130  9:11  Queen x2  
  130  9:14  Spore Crawler  
  130  9:15  Spore Crawler  
  130  9:16  Zergling x6  
  135  9:19  Zergling x6  
  135  9:21  Roach  
  135  9:22  Roach  
  127  9:24  Zergling x8  
  127  9:27  Zerg Melee Weapons Level 2  
  127  9:30  Zergling x2  
  127  9:31  Zergling x2  
  118  9:32  Queen  
  118  9:34  Zergling x2  
  118  9:36  Extractor  
  118  9:37  Zergling x2  
  118  9:40  Zergling x4  
  118  9:41  Zergling x4  
  120  9:45  Zergling x2, Spore Crawler  
  120  9:47  Queen x2  
  120  9:50  Zergling x4  
  118  9:53  Zergling x4  
  118  9:54  Zergling x4  
  118  9:56  Zergling x6  
  115  10:08  Queen  
  115  10:13  Infestation Pit, Zergling x6, Spore Crawler  
  115  10:14  Zergling x6  
  119  10:17  Spore Crawler  
  119  10:18  Spore Crawler  
  119  10:20  Overlord x2  
  117  10:22  Overlord  
  112  10:29  Overlord  
  105  10:48  Zergling x20  
  105  10:49  Pathogen Glands  
  114  10:50  Queen  
  114  10:51  Zergling x2  
  114  10:55  Zergling x2  
  112  10:58  Drone  
  112  11:02  Drone  
  113  11:09  Queen  
  115  11:12  Zergling x6  
  115  11:13  Zergling x4  
  120  11:21  Overlord, Spore Crawler  
  120  11:23  Infestor x3  
  120  11:24  Infestor  
  125  11:26  Infestor  
  125  11:31  Infestor  
  129  11:37  Overlord  
  129  11:40  Infestor x2  
  133  11:49  Queen  
  133  11:50  Drone x2  
  133  11:52  Overlord  
  135  11:54  Drone x2  
  135  11:55  Drone x2  
  139  12:05  Overlord  
  139  12:06  Overlord  
  136  12:16  Zergling x14  
  143  12:24  Overlord  
  143  12:26  Zergling x4  
  143  12:28  Drone x2  
  147  12:34  Extractor, Zergling x4  
  147  12:35  Zergling x2  
  149  12:38  Drone x2  
  149  12:39  Infestation Pit  
  149  12:48  Zergling x4  
  144  13:00  Zergling x16  
  151  13:21  Hive  
  150  13:27  Zergling x20  
  150  13:28  Zergling x2  
  150  13:32  Overlord  
  160  13:41  Hatchery  
  141  14:04  Spore Crawler  
  141  14:06  Zergling x28  
  147  14:18  Drone x3  
  149  14:29  Drone x5  
Tags
 
Add a new tag
Caveats
  • Supply blocks, unpowered buildings, or Contaminate may cause inaccurate times.
  • Supply counts are checked every 10 seconds.